 Dungeon Crawl Stone Soup version 0.24.0-13-gcf9b3192b9 (webtiles) character file.

Game seed: 5013751732260578084, levelgen mode: deterministic

696 Iamsoldier the Digger (level 7, -2/39 HPs)
             Began as a Gargoyle Earth Elementalist on Nov 7, 2019.
             Slain by a water moccasin zombie (5 damage)
             ... in an ossuary.
             The game lasted 00:18:17 (4403 turns).

Iamsoldier the Digger (Gargoyle Earth Elementalist) Turns: 4403, Time: 00:18:19

Health: -2/39      AC:  9    Str: 11    XL:     7   Next: 64%
Magic:  5/14       EV: 12    Int: 18    God:
Gold:   133        SH:  0    Dex: 10    Spells: 6/15 levels left

rFire    . . .     SeeInvis .   e - +0 quarterstaff
rCold    . . .     Gourm    .   (shield currently unavailable)
rNeg     + . .     Faith    .   c - +0 robe
rPois    ∞         Spirit   .   (no helmet)
rElec    +         Reflect  .   (no cloak)
rCorr    .         Harm     .   g - +0 pair of gloves
MR       .....                  k - +0 pair of boots
Stlth    ++........             (no amulet)
HPRegen  0.53/turn              (no ring)
MPRegen  0.14/turn              (no ring)

@: about to teleport, berserk cooldown, slowed, very slow
A: negative energy resistance 1, regeneration 1, electricity resistance,
unbreathing, petrification resistance, rot immunity, MP-powered wands, sturdy
frame 1, AC +4
a: no special abilities


You were in an ossuary.
You were not hungry.

You visited 1 branch of the dungeon, and saw 4 of its levels.
You also visited: Ossuary.

You collected 133 gold pieces.

Inventory:

Hand Weapons
 a - a +0 club
 e - a +0 quarterstaff (weapon)
Armour
 c - a +0 robe (worn)
 g - a +0 pair of gloves (worn)
 k - a +0 pair of boots (worn)
Scrolls
 f - a scroll of teleportation
 l - 3 scrolls of remove curse
Comestibles
 d - 4 rations


   Skills:
 + Level 1.8 Fighting
 + Level 1.6 Staves
 + Level 2.0 Armour
 + Level 2.2 Dodging
 - Level 2.1 Stealth
 * Level 4.6 Spellcasting
 * Level 2.0 Conjurations
   Level 0.7 Transmutations
 * Level 6.7 Earth Magic


You had 6 spell levels left.
You knew the following spells:

 Your Spells              Type           Power        Failure   Level  Hunger
a - Sandblast             Erth           ####..       1%          1    None
b - Stone Arrow           Conj/Erth      ###...       7%          3    ###....
c - Lee's Rapid Deconstr  Erth           ####......   24%         5    ######.

Your spell library contained the following spells:

 Spells                   Type           Power        Failure   Level  Hunger
 Passwall                 Tmut/Erth      ###.....     4%          2    #......
 Petrify                  Tmut/Erth      ###.....     30%         4    ####...


Dungeon Overview and Level Annotations

Branches:
Dungeon (4/15)            Ossuary (1/1)
 Temple: D:4-7

Altars:
Ru
Sif Muna
Zin


Innate Abilities, Weirdness & Mutations

You are resistant to torment.
Your stone body is resilient. (AC +4)
You are immune to poison.
You resist negative energy. (rN+)
You are resistant to electric shocks. (rElec)
You can survive without breathing.
You are immune to petrification.
You are immune to rotting.
Your natural rate of healing is unusually fast.
You expend magic power (3 MP) to strengthen your wands.
Your movements are slightly less encumbered by armour. (ER -2)


Message History

There is a dart trap here.
A poisoned dart hits the water moccasin zombie, but does no damage!
The water moccasin zombie bites you.
* * * LOW HITPOINT WARNING * * *
A poisoned dart hits the gnoll zombie, but does no damage!
You aren't carrying any potions.
You barely miss the water moccasin zombie.
The water moccasin zombie is moderately damaged.
The water moccasin zombie misses you.
The gnoll zombie hits you but does no damage.
An arrow hits the big kobold zombie!
The water moccasin zombie bites you.
* * * LOW HITPOINT WARNING * * *
You aren't carrying any potions.
As you read the scroll of teleportation, it crumbles to dust.
You feel strangely unstable.
The water moccasin zombie closely misses you.
The gnoll zombie completely misses you.
A poisoned dart misses the big kobold zombie!
The water moccasin zombie bites you.
You die...

####### ### #####
..#...#!?!?# #...#
^.'.∩.#!)/!+ +...#
..#...#!!??# #...#
^^##### ### #...#
.^# #.Z.# '## ##Z##
^^# #ZZ^# ..# #@Z^#
^.# #^.^# .^# #.^^#
#'# ###'# ..# #...#
..# #...# ..# #...#
..# #...#
################'###


You could see a water moccasin zombie, a hobgoblin zombie, a gnoll zombie, a big
kobold zombie and an orc zombie.

Vanquished Creatures
  A phantom (D:4)
  An elf skeleton (D:4)
  3 water moccasin zombies (Ossuary)
  A human zombie (D:4)
  A human skeleton (D:4)
  2 orc priests (D:3)
  2 orc wizards
  Jessica (D:2)
  A worker ant (D:4)
  A gnoll (D:1)
  Robin (D:4)
  2 adders (D:2)
  An ooze (D:1)
  5 adder zombies (Ossuary)
  4 dart slugs
  A leopard gecko (D:1)
  16 orcs
  3 ball pythons
  4 giant cockroaches
  3 gnoll zombies (Ossuary)
  10 goblins
  7 hobgoblins
  5 kobolds
  5 quokkas
  5 bats
  2 frilled lizards (D:3)
  2 hobgoblin zombies (Ossuary)
  2 kobold zombies (Ossuary)
  2 orc skeletons (D:4)
  7 orc zombies
  6 rats
107 creatures vanquished.

Notes
Turn   | Place    | Note
-------+----------+-------------------------------------------
     0 | D:1      | Iamsoldier the Gargoyle Earth Elementalist began the quest
                  | for the Orb.
     0 | D:1      | Reached XP level 1. HP: 10/10 MP: 3/3
   277 | D:1      | Reached skill level 4 in Earth Magic
   277 | D:1      | Reached XP level 2. HP: 5/15 MP: 0/5
   796 | D:1      | Reached XP level 3. HP: 16/19 MP: 6/6
  1602 | D:2      | Found a glowing silver altar of Zin.
  1621 | D:2      | Reached XP level 4. HP: 20/24 MP: 6/8
  2043 | D:2      | Noticed Jessica
  2054 | D:2      | Reached skill level 5 in Earth Magic
  2056 | D:2      | Killed Jessica
  2285 | D:3      | Reached XP level 5. HP: 21/28 MP: 2/10
  2811 | D:3      | Reached skill level 6 in Earth Magic
  3110 | D:3      | Learned a level 3 spell: Stone Arrow
  3116 | D:3      | Learned a level 5 spell: Lee's Rapid Deconstruction
  3121 | D:3      | Reached XP level 6. HP: 26/32 MP: 12/12
  3223 | D:3      | Found a sacrificial altar of Ru.
  3572 | D:4      | Found a shimmering blue altar of Sif Muna.
  3572 | D:4      | Noticed a phantom
  3582 | D:4      | Killed a phantom
  3582 | D:4      | Reached skill level 1 in Armour
  3630 | D:4      | Reached skill level 1 in Fighting
  3630 | D:4      | Reached skill level 1 in Conjurations
  3766 | D:4      | Noticed Robin
  3774 | D:4      | Killed Robin
  3774 | D:4      | Reached skill level 1 in Staves
  3837 | D:4      | Reached XP level 7. HP: 29/38 MP: 8/13
  3885 | D:4      | Found a sand-covered staircase.
  3899 | Ossuary  | Entered an ossuary
  4399 | Ossuary  | Gained mutation: Your movements are slightly less
                  | encumbered by armour. (ER -2) [potion of mutation]
  4399 | Ossuary  | Gained mutation: You expend magic power (3 MP) to
                  | strengthen your wands. [potion of mutation]
  4399 | Ossuary  | Gained mutation: Your natural rate of healing is unusually
                  | fast. [potion of mutation]
  4403 | Ossuary  | Slain by a water moccasin zombie

Levels and vault maps discovered:
D:1:      dpeg_arrival_chambers_temple_mockup, layout_rooms, minmay_tromino_i4
D:2:      layout_rooms, lemuel_doored_altar, kennysheep_jessica_study,
          uniq_jessica
D:3:      layout_rooms, nicolae_ru_awakened_eye
D:4:      layout_loops_ring, grunt_temple_overflow_champion_of_chaos,
          kennysheep_little_box, kennysheep_mini,
          nicolae_ossuary_entry_catacombs, first_ration,
          minmay_fractal_squares_gapless_5, uniq_robin, uniq_menkaure
Ossuary:  ossuary_tomb_2

Skill      XL: |  1  2  3  4  5  6  7 |
---------------+----------------------+-----
Earth Magic    | 4 5 6 |  6.7
Spellcasting   | 3 4 |  4.6
Armour         | 1 2 |  2.0
Fighting       | 1 |  1.8
Conjurations   | 1 2 |  2.0
Staves         | 1 |  1.6
Dodging        | 2 |  2.2
Stealth        | |  2.1
Transmutations | |  0.7

Action                   |  1- 3 |  4- 6 |  7- 9 || total
-------------------------+-------+-------+-------++-------
Melee: Club              |    80 |    82 |       ||   162
       Quarterstaff      |       |   106 |    76 ||   182
 Cast: Sandblast         |    13 |    42 |    12 ||    67
       Stone Arrow       |       |       |    12 ||    12
       Lee's Rapid Decon |       |       |     3 ||     3
  Use: Scroll            |     4 |     6 |     1 ||    11
       Potion            |       |     6 |     3 ||     9
 Stab: Sleeping          |     1 |     2 |       ||     3
  Eat: Chunk             |     1 |     5 |     1 ||     7
       Ration            |     1 |       |     1 ||     2
Armor: Robe              |    33 |    87 |    61 ||   181
       Skin              |       |    31 |       ||    31
Dodge: Dodged            |    61 |   175 |    90 ||   326
